 Dungeon Crawl Stone Soup version 0.28.0-43-g3370ac3207 (webtiles) character file.

Game seed: 16569743196608783641

65648 demenzo the Warrior (level 15, -1/180 HPs)
             Began as an Ogre Berserker on Mar 8, 2022.
             Was a High Priest of Trog.
             Slain by a skeletal warrior
             ... wielding a +0 halberd
             ... led by a death knight
              (14 damage)
             ... on level 12 of the Dungeon.
             The game lasted 00:30:25 (26883 turns).

demenzo the Warrior (Ogre Berserker)               Turns: 26883, Time: 00:30:25

Health: -1/180     AC: 19    Str: 31    XL:     15   Next: 17%
Magic:  15/15      EV: 10    Int:  8    God:    Trog [*****.]
Gold:   1371       SH:  0    Dex:  8    Spells: 14/14 levels left

rFire   . . .      SeeInvis .   a - +8 giant club (vorpal)
rCold   + . .      Faith    .   (shield currently unavailable)
rNeg    . . .      Spirit   .   K - +2 acid dragon scales
rPois   .          Reflect  .   A - +2 hat
rElec   .          Harm     .   s - +2 cloak
rCorr   +          Rampage  .   (gloves unavailable)
Will    +....                   (boots unavailable)
Stlth   +.........              (no amulet)
HPRegen 0.40/turn               i - +4 ring of protection
MPRegen 0.14/turn               c - ring of protection from cold

@: on berserk cooldown, hasted and slowed
A: large, unfitting armour, tough skin 1
a: Renounce Religion, Berserk, Trog's Hand, Brothers in Arms


You were on level 12 of the Dungeon.
You worshipped Trog.
Trog was extremely pleased with you.
You visited 2 branches of the dungeon, and saw 18 of its levels.

You collected 1462 gold pieces.
You spent 91 gold pieces at shops.

Inventory:

Hand Weapons
 a - a +8 vorpal giant club (weapon)
 b - a +2 vorpal hand crossbow
 B - the +6 mace of Xoxt {freeze, rCorr Dex+3 SInv}
   (You found it on level 5 of the Dungeon)

   It freezes those it strikes, dealing additional cold damage.
   It can also slow down cold-blooded creatures.
   Dex:       It affects your dexterity (+3).
   SInv:      It lets you see invisible.
   rCorr:     It protects you from acid and corrosion.
 L - a +1 giant spiked club of electrocution
 P - a +0 vorpal shortbow
 V - the +7 flail of False Accusations {speed, rElec Dex+3}
   (You found it on level 4 of the Dungeon)

   Attacks with this weapon are significantly faster.
   Dex:       It affects your dexterity (+3).
   rElec:     It insulates you from electricity.
Missiles
 f - 409 arrows
 l - 91 sling bullets
 m - 128 bolts
 n - 59 poisoned darts (quivered)
 o - 5 javelins
 J - a throwing net
 M - 5 curare-tipped darts
Armour
 s - a +2 cloak (worn)
 A - a +2 hat (worn)
 H - a +0 cloak
 K - +2 acid dragon scales (worn)
 W - +0 fire dragon scales
Jewellery
 c - a ring of protection from cold (right hand)
 i - a +4 ring of protection (left hand)
 w - the ring "Odeomap" {rF+ MP+9 EV+4}
   (You found it on level 6 of the Lair of Beasts)

   [ring of evasion]

   EV:        It affects your evasion (+4).
   rF:        It protects you from fire.
   MP:        It affects your magic capacity (+9).
 G - a ring of resist corrosion
 U - a +4 ring of protection
 X - the ring "Qiul" {EV+4 Str+2}
   (You took it off an efreet on level 10 of the Dungeon)

   [ring of evasion]

   EV:        It affects your evasion (+4).
   Str:       It affects your strength (+2).
Wands
 k - a wand of charming (17)
 q - a wand of polymorph (6)
 x - a wand of iceblast (17)
 F - a wand of flame (102)
Scrolls
 d - 4 scrolls of identify
 j - a scroll of summoning
 t - 3 scrolls of enchant armour
 v - a scroll of brand weapon
 y - 6 scrolls of teleportation
 D - 5 scrolls of fear
 N - 2 scrolls of magic mapping
 O - 4 scrolls of fog
 Y - a scroll of enchant weapon
 Z - 2 scrolls of holy word
Potions
 e - 3 potions of mutation
 g - a potion of haste
 h - 5 potions of lignification
 p - 3 potions of heal wounds
 u - 3 potions of flight
 z - 3 potions of might
 C - 2 potions of cancellation
 E - a potion of ambrosia
 Q - a potion of invisibility
 R - a potion of attraction
 S - 2 potions of berserk rage
 T - 2 potions of curing
Miscellaneous
 r - a piece from Xom's chessboard (15/15)
 I - a tin of tremorstones (2/2)


   Skills:
 + Level 19.4 Fighting
 * Level 19.2 Maces & Flails
 - Level 4.0 Armour
 - Level 4.0 Dodging


You had 14 spell levels left.
You didn't know any spells.
Your spell library was empty.

Dungeon Overview and Level Annotations

Branches:
Dungeon (12/15)            Temple (0/1) D:4            Lair (6/6) D:10
  Swamp (0/4) Lair:4       Spider (0/4) Lair:2        Slime (0/5) Lair:5
    Orc (0/2) D:11

Altars:
Hepliaklqana
Uskayaw
Wu Jian
Jiyva
Lugonu

Shops:
D:7 *

Portals:
Abyss: Lair:6

Annotations:
D:10 3 runed translucent doors
Lair:4 exclusion: oklob plant
Lair:5 1 runed translucent door


Innate Abilities, Weirdness & Mutations

You are too large for most types of armour.
You have tough skin. (AC +1)


Message History

You completely miss the death knight.
The skeletal warrior hits you from afar with a +0 halberd!
You completely miss the death knight.
The skeletal warrior hits you from afar with a +0 halberd.
The death knight hits you with a +0 battleaxe!!
A red film seems to cover your vision as you go berserk!
You feel yourself moving faster!
You feel mighty! The skeletal warrior misses you.
The death knight hits you with a +0 battleaxe!
You thump the death knight!
The death knight is moderately wounded.
The death knight reflects your damage back at you!
You sock the death knight!
The death knight is heavily wounded.
The death knight reflects your damage back at you!
* * * LOW HITPOINT WARNING * * *
The skeletal warrior hits you from afar with a +0 halberd!
* * * LOW HITPOINT WARNING * * *
The death knight hits you with a +0 battleaxe.
* * * LOW HITPOINT WARNING * * *
You hammer the death knight like a gong!!!!
You kill the death knight!
Trog accepts your kill.
Your damage is reflected back at you!
* * * LOW HITPOINT WARNING * * *
The skeletal warrior hits you with a +0 halberd!!
* * * LOW HITPOINT WARNING * * *
Things that are here:
a +0 battleaxe; a +0 chain mail; 21 gold pieces You feel a strong urge to attack something.
The skeletal warrior hits you from afar with a +0 halberd.
* * * LOW HITPOINT WARNING * * *
You feel your anger nearly subside.
You are no longer berserk.
You are exhausted.
You feel yourself slow down.
Okay, then.
You feel yourself speed up.
You feel your willpower return.
The skeletal warrior hits you from afar with a +0 halberd!
You die...

#.. ... #.# #.#
... #.# ##.## #.#
#.. #####...###
#.# #.#
..........#
##.#############.#
####...#.#
#....(.......(...#
##)##.#
#..#############.#
#z##W#
#..###########.#.#
#W##.#
#@...[...^....#...
#W##W#
#.############.#.#
#.##.# #z# #.#.#
#.##.####W# #.#.#
#.#.#.W...# #.#.#
#.##.###### #.#.#
### #.#.# #.#.#
#.#.#


You could see a skeletal warrior and a wraith.

Vanquished Creatures
  Snorg (D:10)
  Josephine (Lair:4)
  A fire dragon (D:10)
  3 hydras
  An ogre mage (D:10)
  A death knight (D:12)
  4 centaur warriors
  4 two-headed ogres
  2 tengu warriors (D:10)
  2 large abominations (Lair:6)
  2 thrashing horrors (Lair:6)
  A fire crab (Lair:5)
  A phantasmal warrior (D:12)
  An orc knight (D:10)
  A lindwurm (Lair:4)
  5 ugly things
  A cyclops (D:12)
  A manticore (D:12)
  7 elephants
  4 black mambas
  3 smoke demons (Lair:6)
  Maggie (D:7)
  2 torpor snails
  3 unseen horrors
  16 cane toads
  10 rime drakes (Lair:3)
  An efreet (D:10)
  A tengu conjurer (D:10)
  4 komodo dragons
  2 ancient zymes (Lair:6)
  6 trolls
  7 polar bears
  A hornet (D:8)
  5 dream sheep
  31 blink frogs
  A jumping spider (shapeshifter) (Lair:6)
  3 culicivoras (Lair:2)
  A shadow (D:11)
  39 yaks
  A spriggan (Lair:6)
  5 wraiths (Lair:4)
  10 wyverns
  5 basilisks
  Grum (D:9)
  2 ynoxinuls (Lair:6)
  11 steam dragons
  7 vampire mosquitoes
  A chaos spawn (Lair:6)
  An acid dragon (D:12)
  21 water moccasins
  7 orc warriors
  A black bear (D:8)
  5 ice beasts
  2 sky beasts
  A necrophage (D:8)
  An ogre (D:4)
  5 centaurs
  13 wolves
  4 kobold brigands
  13 small abominations (Lair:6)
  10 bullfrogs
  2 scorpions
  A gnoll sergeant (D:10)
  A water moccasin skeleton (D:7)
  44 killer bees
  9 wights
  8 electric eels
  4 howler monkeys
  A bullfrog skeleton (D:4)
  3 hounds
  2 gnoll shamans
  10 orc priests
  2 centaur skeletons
  A jelly (D:6)
  Crazy Yiuf (D:5)
  Ijyb (D:5)
  2 iguanas
  Natasha (thrice) (D:3)
  11 orc wizards
  6 hell rats
  A killer bee zombie (D:8)
  A hound skeleton (D:4)
  A howler monkey zombie (D:9)
  8 gnolls
  8 river rats (Lair:6)
  5 adders
  A shadow imp (D:6)
  2 white imps
  An adder skeleton (D:4)
  3 worms
  A dart slug (D:3)
  35 orcs
  2 ball pythons
  4 endoplasms
  2 giant cockroaches
  4 hobgoblins
  4 jackals (D:4)
  12 kobolds
  4 quokkas
  5 bats
  2 frilled lizards (D:1)
  29 rats
555 creatures vanquished.

Vanquished Creatures (collateral kills)
  A shadow (D:10)
1 creature vanquished.

Vanquished Creatures (others)
  A deep elf pyromancer (D:10)
  2 orcs (D:11)
  33 fungi
  76 plants
112 creatures vanquished.

Grand Total: 668 creatures vanquished

Notes
Turn   | Place    | Note
-------+----------+-------------------------------------------
     0 | D:1      | demenzo the Ogre Berserker began the quest for the Orb.
     0 | D:1      | Reached XP level 1. HP: 24/24 MP: 1/1
   299 | D:1      | Reached XP level 2. HP: 31/32 MP: 2/2
  1071 | D:2      | Reached XP level 3. HP: 26/40 MP: 3/3
  1896 | D:2      | Reached XP level 4. HP: 49/49 MP: 4/4
  2508 | D:3      | Reached ** piety under Trog
  2623 | D:3      | Noticed Natasha
  2633 | D:3      | Killed Natasha
  2634 | D:3      | Reached skill level 5 in Fighting
  2656 | D:3      | Noticed Natasha
  2665 | D:3      | Killed Natasha
  2666 | D:3      | Reached XP level 5. HP: 29/57 MP: 5/5
  3025 | D:3      | Noticed a water moccasin
  3032 | D:3      | Killed a water moccasin
  3033 | D:3      | Reached skill level 5 in Maces & Flails
  3033 | D:3      | Reached XP level 6. HP: 67/67 MP: 6/6
  3329 | D:3      | Noticed Natasha
  3336 | D:3      | Killed Natasha
  3656 | D:4      | Found a staircase to the Ecumenical Temple.
  3782 | D:4      | Identified the +7 flail of False Accusations {speed, rElec
                  | Dex+3}
  4275 | D:4      | Reached XP level 7. HP: 76/76 MP: 7/7
  4315 | D:4      | Reached *** piety under Trog
  4476 | D:5      | Entered Level 5 of the Dungeon
  4857 | D:5      | Noticed a wyvern
  4867 | D:5      | Killed a wyvern
  4875 | D:5      | Reached XP level 8. HP: 88/88 MP: 8/8
  5351 | D:5      | Found a hazy altar of Hepliaklqana.
  5371 | D:5      | Noticed Ijyb
  5378 | D:5      | Killed Ijyb
  5799 | D:5      | Identified the +6 mace of Xoxt {freeze, rCorr Dex+3 SInv}
  5800 | D:5      | Found a runed translucent door.
  5801 | D:5      | Noticed Crazy Yiuf
  5944 | D:5      | Killed Crazy Yiuf
  5948 | D:5      | Identified the +3 mace of Zipiyck {vorpal, Int+3}
  6607 | D:7      | Found Wikhousk's Assorted Antiques.
  6610 | D:7      | Bought a bubbling yellow potion for 29 gold pieces
  6610 | D:7      | Bought a bubbling yellow potion for 29 gold pieces
  6610 | D:7      | Bought a scroll labelled CAGEDD KOEKU USU for 33 gold
                  | pieces
  6641 | D:7      | Reached XP level 9. HP: 94/98 MP: 9/9
  6939 | D:7      | Reached skill level 10 in Fighting
  7555 | D:7      | Reached skill level 10 in Maces & Flails
  7557 | D:7      | Found a hide-covered altar of Uskayaw.
  7585 | D:7      | Noticed Maggie
  7593 | D:7      | Killed Maggie
  8165 | D:8      | Noticed a hornet
  8173 | D:8      | Killed a hornet
  8174 | D:8      | Reached skill level 1 in Armour
  8174 | D:8      | Reached XP level 10. HP: 113/113 MP: 10/10
  8351 | D:8      | Reached **** piety under Trog
  8984 | D:9      | Noticed a two-headed ogre
  8988 | D:9      | Killed a two-headed ogre
  9968 | D:9      | Noticed Grum
  9985 | D:9      | Killed Grum
 10152 | D:10     | Entered Level 10 of the Dungeon
 10177 | D:9      | Reached XP level 11. HP: 52/124 MP: 11/11
 10686 | D:10     | Noticed a tengu warrior
 10686 | D:10     | Noticed a centaur warrior
 10686 | D:10     | Noticed an orc knight
 10686 | D:10     | Noticed a fire dragon
 10720 | D:10     | Killed a tengu warrior
 10809 | D:10     | Found a runed translucent door.
 10809 | D:10     | Found a runed translucent door.
 10809 | D:10     | Noticed a great orb of eyes
 10809 | D:10     | Noticed a two-headed ogre
 10809 | D:10     | Noticed a red ugly thing
 10812 | D:10     | Noticed a six-headed hydra
 10840 | D:10     | Found a runed translucent door.
 10840 | D:10     | Noticed a catoblepas
 10845 | D:10     | Identified the ring "Qiul" {EV+4 Str+2}
 10850 | D:10     | Noticed a centaur warrior
 10866 | D:10     | Noticed a deep elf pyromancer
 11018 | D:10     | Noticed Snorg
 11021 | D:10     | Noticed a centaur warrior
 11038 | D:10     | Found a staircase to the Lair.
 11038 | D:10     | Noticed a tengu warrior
 11047 | D:10     | Killed a tengu warrior
 11057 | Lair:1   | Entered Level 1 of the Lair of Beasts
 11484 | D:10     | Killed a deep elf pyromancer
 12043 | Lair:1   | Noticed a six-headed hydra
 12059 | Lair:1   | Killed a six-headed hydra
 12732 | Lair:1   | Reached XP level 12. HP: 140/140 MP: 12/12
 13390 | Lair:2   | Found a hole to the Spider Nest.
 14437 | Lair:2   | Reached skill level 15 in Fighting
 14721 | Lair:2   | Reached skill level 15 in Maces & Flails
 14800 | Lair:2   | Reached ***** piety under Trog
 15858 | Lair:3   | Found an ornate altar of the Wu Jian Council.
 16612 | Lair:3   | Reached XP level 13. HP: 152/152 MP: 13/13
 18779 | Lair:4   | Noticed Josephine
 18793 | Lair:4   | Killed Josephine
 19274 | Lair:4   | Found a staircase to the Swamp.
 20116 | Lair:5   | Found a runed translucent door.
 20116 | Lair:5   | Found a viscous altar of Jiyva.
 20116 | Lair:5   | Found a staircase to the Slime Pits.
 20802 | Lair:6   | Entered Level 6 of the Lair of Beasts
 21405 | Lair:6   | Reached XP level 14. HP: 166/166 MP: 14/14
 22019 | Lair:6   | Received a gift from Trog
 24184 | Lair:6   | Found a corrupted altar of Lugonu.
 24184 | Lair:6   | Found a one-way gate to the infinite horrors of the Abyss.
 24189 | Lair:6   | Identified the ring "Odeomap" {rF+ MP+9 EV+4}
 24576 | D:10     | Received a gift from Trog
 24889 | D:10     | Killed Snorg
 25301 | D:11     | Reached XP level 15. HP: 123/180 MP: 15/15
 26332 | D:11     | Found a staircase to the Orcish Mines.
 26866 | D:12     | HP: 10/270 [skeletal warrior/+0 halberd[a death knight]
                  | (5)]
 26883 | D:12     | Slain by a skeletal warrior

Illustrated notes

Levels and vault maps discovered:
D:1:      scummos_arrival_simple_fountains, layout_loops_ring, minivault_27
D:2:      layout_basic
D:3:      layout_rooms, uniq_natasha
D:4:      layout_basic, minmay_temple_entry_statues_fountains, minmay_rat_hole
D:5:      layout_gridville, nzn_hepliaklqana_mist_gate, uniq_crazy_yiuf_cottage,
          uniq_ijyb
D:6:      layout_basic
D:7:      layout_basic, mainiacjoe_overflow_boulevard, serial_shops,
          nicolae_stop_n_shop_1, minmay_starry_boxes, uniq_maggie
D:8:      layout_cave_pools, serial_glass, glass_columns_a, glass_columns_b
D:9:      layout_rooms, minmay_fractal_squares_diagonal_5, uniq_grum
D:10:     minmay_the_grid_triangle_9x9_recursive_2_mashed
          [minmay_the_grid_triangle_9x9_prize_insulated,
          minmay_the_grid_triangle_9x9_negative_grid,
          minmay_the_grid_triangle_9x9_fully_insulated_deathbox,
          minmay_the_grid_triangle_9x9_skeleton], layout_basic,
          minmay_lair_entry_grove, uniq_snorg
D:11:     layout_loops_ring, erik_orc_2, serial_bayou_pond_d
D:12:     layout_loops_ring
Lair:1:   layout_concentric_octagons, st_stairs_11, serial_bayou_shore_a,
          grunt_megastairs_5, infiniplex_staircase_pool_2
Lair:2:   wad_woods_minihive, layout_regular_city,
          hellmonk_spider_entry_life_and_decay
Lair:3:   layout_gridlike, basic_altar, bobbens_dragon_lair_wall
Lair:4:   minmay_lair_oklob_chamber, layout_cave_shapes,
          minmay_swamp_entry_swarm, chequers_serial_rivers_micro_b,
          serial_bayou_lagoon_b, uniq_josephine
Lair:5:   layout_regular_city, slime_altar_2,
          eino_small_chamber_without_monster, grunt_megastairs_2
Lair:6:   hellmonk_lair_end_abyssal_woods, layout_misc_corridors,
          kennysheep_rathole

Skill      XL: |  1  2  3  4  5  6  7  8  9 10 11 12 13 14 15 |
---------------+----------------------------------------------+-----
Maces & Flails | 3 4 5 7 8 10 12 14 15 17 18 19 | 19.2
Dodging        | 3 4 |  4.0
Fighting       | 5 6 7 9 11 12 14 16 17 19 | 19.4
Armour         | 1 2 3 4 |  4.0

Action                   |  1- 3 |  4- 6 |  7- 9 | 10-12 | 13-15 || total
-------------------------+-------+-------+-------+-------+-------++-------
Melee: Mace              |    69 |       |       |       |       ||    69
       Morningstar       |    17 |    94 |       |       |       ||   111
       Punch             |       |     2 |     2 |    13 |    16 ||    33
       Flail             |       |    16 |   237 |   677 |   741 ||  1671
       Giant club        |       |       |       |       |   118 ||   118
 Fire: Shortbow          |       |       |       |    17 |     7 ||    24
       Hand crossbow     |       |       |       |       |    15 ||    15
Throw: Dart              |       |       |     3 |       |       ||     3
Invok: Berserk           |     2 |     4 |    11 |    15 |    15 ||    47
       Brothers in Arms  |       |       |       |     1 |       ||     1
       Trog's Hand       |       |       |       |     1 |     3 ||     4
Evoke: Wand              |       |       |       |       |     4 ||     4
  Use: Scroll            |       |     4 |     3 |    14 |     6 ||    27
       Potion            |       |       |       |     2 |     1 ||     3
 Stab: Sleeping          |     1 |       |       |       |       ||     1
Armor: Animal skin       |    32 |    35 |    67 |       |       ||   134
       Acid dragon scale |       |       |    12 |   345 |   367 ||   724
       Robe              |       |       |     4 |       |       ||     4
Dodge: Dodged            |    51 |    71 |    82 |   311 |   275 ||   790
